[Event "ICC tourney 2077 (75 10)"]
[Site "Internet Chess Club"]
[Date "2020.10.24"]
[Round "1"]
[White "GGuseinov"]
[Black "Chessking2008"]
[Result "1-0"]
[ICCResult "Black resigns"]
[WhiteElo "2716"]
[BlackElo "2176"]
[Opening "Sicilian: closed, 2...Nc6"]
[ECO "B23"]
[NIC "SI.44"]
[Time "11:04:07"]
[PlyCount "91"]
[TimeControl "4500+10"]

1. e4 c5 2. Nc3 Nc6 3. Bb5 Nd4 4. Nf3 g6 5. Ba4 Bg7 6. O-O e6 7. Nxd4 cxd4
8. Nb5 Qb6 9. c3 d3 10. Qf3 a6 11. Na3 Qc7 12. Qxd3 Ne7 13. Qe2 O-O 14. d4
b5 15. Bc2 Bb7 16. Bg5 Nc6 17. Rad1 Rac8 18. e5 d6 19. exd6 Qxd6 20. Be4 h6
21. Be3 f5 22. Bf3 Rfd8 23. Nc2 Qc7 24. a3 e5 25. dxe5 Nxe5 26. Bxb7 Qxb7
27. Bxh6 Re8 28. Bxg7 Qxg7 29. Rfe1 Qf7 30. Nd4 Nc4 31. Qc2 Rcd8 32. Qc1 f4
33. b3 Ne5 34. Re4 g5 35. Qc2 f3 36. Rde1 Qf6 37. Nxf3 Nxf3+ 38. gxf3 Rxe4
39. Qxe4 Qxc3 40. Qg6+ Qg7 41. Qxa6 Rd3 42. Qa8+ Kh7 43. Qe4+ Qg6 44. Qb7+
Kh6 45. Qc8 Qg7 46. Qh3+ { Black resigns } 1-0

[Event "ICC tourney 2077 (75 10)"]
[Site "Internet Chess Club"]
[Date "2020.10.24"]
[Round "1"]
[White "ASharikov"]
[Black "investigator"]
[Result "0-1"]
[ICCResult "White checkmated"]
[WhiteElo "2284"]
[BlackElo "2126"]
[Opening "King's Indian with e4 & g3"]
[ECO "E72"]
[NIC "KI.29"]
[Time "11:04:07"]
[PlyCount "68"]
[TimeControl "4500+10"]

1. d4 Nf6 2. c4 g6 3. Nc3 Bg7 4. e4 d6 5. g3 O-O 6. Bg2 e5 7. d5 a5 8. Nge2
Na6 9. O-O Nd7 10. Be3 Nac5 11. f3 f5 12. Bf2 b6 13. b3 f4 14. a3 g5 15. b4
axb4 16. axb4 Rxa1 17. Qxa1 Nd3 18. Qb1 Nxf2 19. Rxf2 h5 20. Bh3 g4 21.
fxg4 f3 22. Nc1 Nf6 23. c5 Nxg4 24. Bxg4 Bxg4 25. cxb6 cxb6 26. Nb5 Bh6 27.
Qc2 Qd7 28. Nc3 Be3 29. Nd3 Rc8 30. Qb3 Bd4 31. Nd1 Qc7 32. Kh1 Bxf2 33.
N3xf2 Qc4 34. Qe3 Qf1# { White checkmated } 0-1

[Event "ICC tourney 2077 (75 10)"]
[Site "Internet Chess Club"]
[Date "2020.10.24"]
[Round "1"]
[White "tcao"]
[Black "PawnEatingZombi"]
[Result "0-1"]
[ICCResult "White resigns"]
[WhiteElo "2051"]
[BlackElo "2236"]
[Opening "Caro-Kann: advance variation"]
[ECO "B12"]
[NIC "CK.04"]
[Time "11:04:06"]
[PlyCount "46"]
[TimeControl "4500+10"]

1. e4 c6 2. d4 d5 3. e5 Bf5 4. f4 e6 5. Nf3 h5 6. Bd3 Nh6 7. O-O Be7 8. Nc3
Nd7 9. Ne2 Bxd3 10. Qxd3 Nf5 11. Ng3 g6 12. Nxf5 gxf5 13. Ng5 h4 14. h3 Nf8
15. g4 hxg3 16. Qxg3 Qb6 17. c3 Ng6 18. Kf2 c5 19. dxc5 Bxc5+ 20. Kg2 a5
21. Rb1 Qa6 22. Be3 Qe2+ 23. Bf2 Ke7 { White resigns } 0-1

[Event "ICC tourney 2077 (75 10)"]
[Site "Internet Chess Club"]
[Date "2020.10.24"]
[Round "1"]
[White "Openyagami"]
[Black "esrosenberg"]
[Result "1-0"]
[ICCResult "Black resigns"]
[WhiteElo "2576"]
[BlackElo "2118"]
[Opening "English opening"]
[ECO "A05"]
[NIC "QP.11"]
[Time "11:04:09"]
[PlyCount "77"]
[TimeControl "4500+10"]

1. Nf3 Nf6 2. c4 b6 3. g3 Bb7 4. Bg2 g5 5. O-O g4 6. Nh4 Bxg2 7. Nxg2 c5 8.
b3 Nc6 9. Bb2 Bg7 10. Ne3 Nd4 11. Bxd4 cxd4 12. Nf5 Rg8 13. Nxd4 Ne4 14. e3
d5 15. Nc3 Bxd4 16. exd4 Nf6 17. d3 Qd7 18. Re1 O-O-O 19. c5 h5 20. Rc1 Kb7
21. c6+ Qxc6 22. Rxe7+ Rd7 23. Ne4 Nxe4 24. Rxc6 Rxe7 25. Rc1 Ng5 26. Kg2
Nf3 27. Qc2 Ne1+ 28. Rxe1 Rxe1 29. Qd2 Re7 30. Qh6 f5 31. Qd6 Rge8 32.
Qxd5+ Kc7 33. Qxf5 Re2 34. a4 R8e3 35. Qf4+ Kc6 36. Qxe3 Rxe3 37. fxe3 Kd5
38. Kf2 a5 39. Ke2 { Black resigns } 1-0

[Event "ICC tourney 2077 (75 10)"]
[Site "Internet Chess Club"]
[Date "2020.10.24"]
[Round "1"]
[White "CARTERD253"]
[Black "Aleksandrov73"]
[Result "0-1"]
[ICCResult "White resigns"]
[WhiteElo "2168"]
[BlackElo "2638"]
[Opening "Nimzo-Indian: 4.e3 O-O"]
[ECO "E46"]
[NIC "NI.11"]
[Time "11:04:11"]
[PlyCount "88"]
[TimeControl "4500+10"]

1. d4 Nf6 2. c4 e6 3. Nc3 Bb4 4. e3 O-O 5. Bd2 d5 6. Nf3 b6 7. cxd5 exd5 8.
Bd3 Bb7 9. Rc1 a6 10. O-O Bd6 11. Ne5 c5 12. f4 Nc6 13. Ne2 Ne7 14. Ng3 c4
15. Bb1 b5 16. Nf5 Nxf5 17. Bxf5 Ne4 18. Rf3 g6 19. Bxe4 dxe4 20. Rf1 f6
21. Ng4 Qd7 22. h3 Kg7 23. Qe1 h5 24. Nh2 Qe7 25. a3 Bd5 26. Bb4 Bxb4 27.
axb4 a5 28. bxa5 b4 29. Ra1 Rfb8 30. f5 g5 31. h4 g4 32. Qg3 Rb5 33. Rf4
Rbxa5 34. Rxa5 Rxa5 35. Nxg4 hxg4 36. Rxg4+ Kh7 37. h5 Ra8 38. Qf4 Bf7 39.
h6 c3 40. bxc3 bxc3 41. Rg7+ Kh8 42. Qg3 Rg8 43. Qg6 Bxg6 44. Rxe7 Bxf5 {
White resigns } 0-1

[Event "ICC tourney 2077 (75 10)"]
[Site "Internet Chess Club"]
[Date "2020.10.24"]
[Round "1"]
[White "Gfprasanna"]
[Black "TjkTiger"]
[Result "0-1"]
[ICCResult "White resigns"]
[WhiteElo "2132"]
[BlackElo "2602"]
[Opening "Sicilian: Alapin's variation (2.c3)"]
[ECO "B22"]
[NIC "SI.46"]
[Time "11:04:59"]
[PlyCount "120"]
[TimeControl "4500+10"]

1. e4 c5 2. c3 d5 3. exd5 Qxd5 4. Nf3 g6 5. d4 Bg7 6. Be2 cxd4 7. cxd4 Nf6
8. Nc3 Qd6 9. O-O O-O 10. h3 Nc6 11. Be3 Bf5 12. Qd2 Ne4 13. Nxe4 Bxe4 14.
Rad1 Rfd8 15. b3 Rac8 16. Ng5 Bd5 17. Bf3 Qb4 18. Bxd5 Rxd5 19. Nf3 Rcd8
20. Qxb4 Nxb4 21. Rd2 Rc8 22. Rfd1 e6 23. Ne5 Ra5 24. Nc4 Ra6 25. a4 Nd5
26. Rd3 Rac6 27. Bc1 b6 28. g3 a6 29. Ba3 h5 30. h4 b5 31. axb5 axb5 32.
Ne3 Nc3 33. Re1 Rd8 34. Bb4 Na2 35. Be7 Rxd4 36. Rxd4 Bxd4 37. Rd1 Rc1 38.
Rxc1 Nxc1 39. Nc2 e5 40. Kg2 f5 41. Na3 Nd3 42. Nxb5 Bxf2 43. Nc3 Kf7 44.
Bg5 Be1 45. Nd5 e4 46. Be3 Ke6 47. Nc7+ Ke5 48. Nb5 f4 49. gxf4+ Nxf4+ 50.
Bxf4+ Kxf4 51. Nd4 Bxh4 52. b4 Ke3 53. Ne6 Kd2 54. b5 e3 55. Nd4 e2 56. b6
Bd8 57. b7 Bc7 58. Nf3+ Kd1 59. Kf2 Bb8 60. Ne1 Ba7+ { White resigns } 0-1

[Event "ICC tourney 2077 (75 10)"]
[Site "Internet Chess Club"]
[Date "2020.10.24"]
[Round "1"]
[White "helavir"]
[Black "SkyAngel"]
[Result "1-0"]
[ICCResult "Black resigns"]
[WhiteElo "2626"]
[BlackElo "2168"]
[Opening "Caro-Kann: advance variation"]
[ECO "B12"]
[NIC "CK.02"]
[Time "11:04:18"]
[PlyCount "67"]
[TimeControl "4500+10"]

1. e4 c6 2. d4 d5 3. e5 c5 4. dxc5 e6 5. Nf3 Bxc5 6. a3 Nc6 7. Bd3 Nge7 8.
b4 Bb6 9. O-O Ng6 10. Bb2 O-O 11. c4 dxc4 12. Bxc4 Qxd1 13. Rxd1 Bc7 14.
Re1 Rd8 15. Bb5 Ncxe5 16. Nxe5 Nxe5 17. Bxe5 Bxe5 18. Rxe5 Rd1+ 19. Bf1 Bd7
20. Rc5 b6 21. Rc7 Bb5 22. Nc3 Rxa1 23. Nxb5 g6 24. Nxa7 Kg7 25. g3 Rxa3
26. Nc8 Rb3 27. b5 Ra1 28. Kg2 Rb2 29. Nd6 Raa2 30. Rxf7+ Kh6 31. Bc4 Ra4
32. Rb7 Rd2 33. Nf7+ Kg7 34. Ng5+ { Black resigns } 1-0

[Event "ICC tourney 2077 (75 10)"]
[Site "Internet Chess Club"]
[Date "2020.10.24"]
[Round "1"]
[White "savchess06"]
[Black "dopolian"]
[Result "1-0"]
[ICCResult "Black resigns"]
[WhiteElo "2098"]
[BlackElo "2241"]
[Opening "Ruy Lopez: Anderssen variation"]
[ECO "C77"]
[NIC "RL.12"]
[Time "11:04:04"]
[PlyCount "69"]
[TimeControl "4500+10"]

1. e4 e5 2. Nf3 Nc6 3. Bb5 a6 4. Ba4 Nf6 5. d3 b5 6. Bb3 Bc5 7. a4 b4 8. a5
d6 9. Be3 Ba7 10. Bxa7 Rxa7 11. Nbd2 O-O 12. O-O Bg4 13. Qe1 Nd7 14. Ba4
Ne7 15. Qe3 Ra8 16. d4 Ng6 17. h3 Bxf3 18. Nxf3 Nf6 19. dxe5 dxe5 20. Bc6
Rb8 21. Qb3 Qd6 22. Qc4 Ne7 23. Ba4 Rbd8 24. Rfd1 Qxd1+ 25. Rxd1 Rxd1+ 26.
Kh2 Ng6 27. g3 h5 28. h4 Rfd8 29. Bb3 R8d7 30. Kg2 c5 31. Qxa6 Ra1 32. Qc8+
Kh7 33. Bxf7 Rxa5 34. Bxg6+ Kh6 35. Qh8+ { Black resigns } 1-0

[Event "ICC tourney 2077 (75 10)"]
[Site "Internet Chess Club"]
[Date "2020.10.24"]
[Round "1"]
[White "WonderZ"]
[Black "kurumania"]
[Result "0-1"]
[ICCResult "White resigns"]
[WhiteElo "2103"]
[BlackElo "2518"]
[Opening "Trompowsky attack (Ruth, Opocenský opening)"]
[ECO "A45"]
[NIC "QP.07"]
[Time "11:04:04"]
[PlyCount "112"]
[TimeControl "4500+10"]

1. d4 Nf6 2. Bg5 e6 3. e4 h6 4. Bxf6 Qxf6 5. c3 d6 6. Nd2 g6 7. Bd3 Bg7 8.
Ne2 e5 9. O-O Qe7 10. f4 O-O 11. Nf3 c5 12. fxe5 dxe5 13. d5 c4 14. Bc2 Nd7
15. b3 b5 16. Qe1 a5 17. Nd2 Ba6 18. Kh1 Nc5 19. Qf2 h5 20. Rad1 Rab8 21.
d6 Qxd6 22. Nxc4 Qc7 23. Ne3 Bb7 24. Nd5 Bxd5 25. exd5 Rb6 26. c4 bxc4 27.
bxc4 Rb2 28. Nc3 Na6 29. Qe2 Nb4 30. d6 Qc6 31. Ba4 Rxe2 32. Bxc6 Rc2 33.
Nd5 Rxc4 34. Ne7+ Kh7 35. Ba4 e4 36. Bb3 Rd4 37. d7 Nd3 38. Nd5 a4 39. Rxf7
axb3 40. Rxf8 Nf2+ 41. Kg1 Rxd1+ 42. Kxf2 Rxd5 43. d8=Q Rxd8 44. Rxd8 bxa2
45. Ra8 a1=Q 46. Rxa1 Bxa1 47. Ke3 Be5 48. h3 Kh6 49. Kxe4 Bb8 50. Kf3 Kg5
51. g3 Kf5 52. Kf2 Ke4 53. Kg2 Ke3 54. h4 Ke2 55. Kh2 Kf3 56. Kh3 Be5 {
White resigns } 0-1

[Event "ICC tourney 2077 (75 10)"]
[Site "Internet Chess Club"]
[Date "2020.10.24"]
[Round "1"]
[White "Chessulanru2020"]
[Black "hollyelf"]
[Result "1/2-1/2"]
[ICCResult "Game drawn by mutual agreement"]
[WhiteElo "2240"]
[BlackElo "2071"]
[Opening "Queen's pawn, Mason variation, Steinitz counter-gambit"]
[ECO "D00"]
[NIC "QP.08"]
[Time "11:04:07"]
[PlyCount "171"]
[TimeControl "4500+10"]

1. d4 d5 2. Bf4 c5 3. e3 Nc6 4. c3 Nf6 5. Nd2 Bf5 6. Ngf3 Nh5 7. Bg5 h6 8.
Bh4 g5 9. Ne5 Nxe5 10. dxe5 Ng7 11. Bg3 a6 12. Be2 Ne6 13. O-O Bg7 14. f4
gxf4 15. exf4 d4 16. Bf3 O-O 17. c4 Nc7 18. b3 Rb8 19. Be4 Qd7 20. Bh4 Rfe8
21. Qf3 Bxe4 22. Nxe4 Qc6 23. Rae1 d3 24. Qxd3 Rbd8 25. Qg3 Qg6 26. Qxg6
fxg6 27. Nxc5 b5 28. cxb5 Nxb5 29. Nxa6 Ra8 30. Nb4 Bf8 31. a4 Nd4 32. Rb1
e6 33. Nd3 Reb8 34. Be1 Rxb3 35. Rxb3 Nxb3 36. a5 Nxa5 37. Bxa5 Rxa5 38.
Kf2 h5 39. Rc1 Rd5 40. Ke3 Rd7 41. Ke4 Kf7 42. g3 Ra7 43. Rc2 Be7 44. h3
Ra4+ 45. Ke3 g5 46. Rc7 Kf8 47. Rc8+ Kg7 48. Rc7 Kf8 49. Rc3 Kf7 50. Kf3
Ra7 51. Nf2 gxf4 52. gxf4 Kg6 53. Ne4 Kf5 54. Ng3+ Kg6 55. Ne2 Ra6 56. Nd4
Bf8 57. Ke4 Ra4 58. Rc6 Kf7 59. Rc7+ Ke8 60. Rc3 Kd7 61. Ke3 Bb4 62. Rc2
Ba5 63. Ne2 Ra3+ 64. Ke4 Rxh3 65. Nd4 Rc3 66. Rb2 Rc4 67. Kd3 Rb4 68. Rh2
Bb6 69. Ne2 Rb3+ 70. Kc2 Re3 71. Kd2 Rf3 72. Rxh5 Be3+ 73. Kc2 Bxf4 74.
Rh7+ Ke8 75. Nd4 Rf2+ 76. Kd3 Bxe5 77. Nxe6 Rf6 78. Nc5 Bd6 79. Ne4 Re6 80.
Kd4 Be7 81. Kd5 Ra6 82. Ke5 Ra5+ 83. Ke6 Ra6+ 84. Kf5 Ra5+ 85. Kf4 Kd7 86.
Rh1 { Game drawn by mutual agreement } 1/2-1/2

[Event "ICC tourney 2077 (75 10)"]
[Site "Internet Chess Club"]
[Date "2020.10.24"]
[Round "2"]
[White "TanitoluwaA"]
[Black "aplusk"]
[Result "0-1"]
[ICCResult "White checkmated"]
[WhiteElo "2004"]
[BlackElo "2584"]
[Opening "Queen's pawn: London system"]
[ECO "A45"]
[NIC "QP.07"]
[Time "14:32:25"]
[PlyCount "60"]
[TimeControl "4500+10"]

1. d4 Nf6 2. Bf4 e6 3. e3 c5 4. Nd2 Nc6 5. c3 d5 6. Ngf3 Nh5 7. Bg5 Qb6 8.
Rb1 h6 9. Bh4 g5 10. Bg3 Nxg3 11. hxg3 Bg7 12. b4 cxd4 13. cxd4 Bd7 14. a3
g4 15. Ng1 e5 16. dxe5 Nxe5 17. a4 O-O 18. a5 Qg6 19. Nb3 Ba4 20. Be2 Rac8
21. Ra1 Nc4 22. Rxa4 Nb2 23. Qa1 Bc3+ 24. Nd2 Nxa4 25. Qxa4 Qb1+ 26. Qd1
Bxd2+ 27. Kf1 Rc1 28. f3 Rxd1+ 29. Bxd1 Qxd1+ 30. Kf2 Qe1# { White
checkmated } 0-1

[Event "ICC tourney 2077 (75 10)"]
[Site "Internet Chess Club"]
[Date "2020.10.24"]
[Round "2"]
[White "kurumania"]
[Black "GGuseinov"]
[Result "0-1"]
[ICCResult "White resigns"]
[WhiteElo "2507"]
[BlackElo "2722"]
[Opening "Sicilian: Hungarian variation"]
[ECO "B27"]
[NIC "SI.43"]
[Time "14:32:29"]
[PlyCount "60"]
[TimeControl "4500+10"]

1. e4 c5 2. Nf3 g6 3. d4 cxd4 4. Qxd4 Nf6 5. c4 Nc6 6. Qe3 Bg7 7. h3 O-O 8.
Nc3 d6 9. Be2 Qb6 10. Qf4 Nd4 11. Qd2 Nxf3+ 12. Bxf3 Qb4 13. Be2 Be6 14.
Nd5 Qxd2+ 15. Bxd2 Nxe4 16. Be3 Bxd5 17. cxd5 Bxb2 18. Rb1 Bc3+ 19. Kf1 Bd4
20. Rb4 Bxe3 21. Rxe4 Rfc8 22. g4 Bg5 23. Kg2 Rc2 24. h4 Bf6 25. g5 Be5 26.
Rb1 b6 27. Kf1 Rxa2 28. f4 Bg7 29. Rc1 Bf8 30. h5 gxh5 { White resigns }
0-1

[Event "ICC tourney 2077 (75 10)"]
[Site "Internet Chess Club"]
[Date "2020.10.24"]
[Round "2"]
[White "JosephLevine"]
[Black "DonaldJ"]
[Result "1-0"]
[ICCResult "Black resigns"]
[WhiteElo "2141"]
[BlackElo "2030"]
[Opening "Sicilian: Najdorf"]
[ECO "B90"]
[NIC "SI.14"]
[Time "14:33:10"]
[PlyCount "49"]
[TimeControl "4500+10"]

1. e4 c5 2. Nf3 d6 3. d4 cxd4 4. Nxd4 Nf6 5. Nc3 a6 6. Bd3 g6 7. O-O Bg7 8.
Be2 O-O 9. Be3 Nc6 10. Qd2 Bd7 11. f4 Rc8 12. Bf3 b5 13. Nd5 Nxd5 14. Nxc6
Rxc6 15. exd5 Rc4 16. c3 a5 17. Be2 Rc8 18. Rac1 Qc7 19. c4 bxc4 20. Rxc4
Qb7 21. b3 Bb5 22. Qxa5 Ra8 23. Qd2 Bxc4 24. Bxc4 Ra5 25. Qxa5 { Black
resigns } 1-0

[Event "ICC tourney 2077 (75 10)"]
[Site "Internet Chess Club"]
[Date "2020.10.24"]
[Round "2"]
[White "investigator"]
[Black "Openyagami"]
[Result "0-1"]
[ICCResult "White resigns"]
[WhiteElo "2099"]
[BlackElo "2576"]
[Opening "English: symmetrical variation"]
[ECO "A37"]
[NIC "EO.28"]
[Time "14:32:53"]
[PlyCount "52"]
[TimeControl "4500+10"]

1. c4 g6 2. Nc3 Bg7 3. g3 c5 4. Bg2 Nc6 5. Nf3 d6 6. O-O Bf5 7. d3 Qd7 8.
Re1 Bh3 9. Bh1 h5 10. e3 Nh6 11. d4 cxd4 12. Nxd4 h4 13. Nd5 hxg3 14. hxg3
Bg4 15. Qa4 Nf5 16. Nxc6 Rxh1+ 17. Kxh1 Bf3+ 18. Kg1 Nh4 19. Kh2 Bxd5 20.
cxd5 Nf3+ 21. Kg2 Nxe1+ 22. Kf1 Nd3 23. Bd2 Nc5 24. Qb5 a6 25. Qb6 bxc6 26.
dxc6 Qa7 { White resigns } 0-1

[Event "ICC tourney 2077 (75 10)"]
[Site "Internet Chess Club"]
[Date "2020.10.24"]
[Round "2"]
[White "Aleksandrov73"]
[Black "jy2020"]
[Result "1-0"]
[ICCResult "Black resigns"]
[WhiteElo "2639"]
[BlackElo "2219"]
[Opening "Nimzo-Indian: 4.e3 O-O, 5.Bd3"]
[ECO "E47"]
[NIC "NI.07"]
[Time "14:32:39"]
[PlyCount "85"]
[TimeControl "4500+10"]

1. d4 Nf6 2. c4 e6 3. Nc3 Bb4 4. e3 O-O 5. Bd3 c5 6. Nf3 Bxc3+ 7. bxc3 d6
8. O-O Nc6 9. Re1 e5 10. Nd2 Re8 11. d5 Ne7 12. e4 Ng6 13. g3 Bd7 14. a4
Rf8 15. Nf1 Qc7 16. f4 exf4 17. gxf4 Rae8 18. Qf3 h6 19. h3 Nh7 20. Qg3 Qc8
21. Kh2 Ne7 22. f5 Bxf5 23. exf5 Nxf5 24. Bxf5 Qxf5 25. Bxh6 Qf6 26. Bf4
Rd8 27. Ra2 Kh8 28. Rf2 Rg8 29. h4 Rd7 30. Nd2 Qd8 31. Ne4 Re8 32. Rg1 f5
33. Nxd6 Rf8 34. Be5 Nf6 35. Rxf5 Qe7 36. Bxf6 Rxf6 37. Rxf6 Qxf6 38. Ne4
Qe7 39. Ng5 Qf6 40. Qb8+ Rd8 41. Qxd8+ Qxd8 42. Nf7+ Kg8 43. Nxd8 { Black
resigns } 1-0

[Event "ICC tourney 2077 (75 10)"]
[Site "Internet Chess Club"]
[Date "2020.10.24"]
[Round "2"]
[White "Chessking2008"]
[Black "WonderZ"]
[Result "1-0"]
[ICCResult "Black resigns"]
[WhiteElo "2190"]
[BlackElo "2092"]
[Opening "King's Indian: orthodox, 7...Nbd7"]
[ECO "E94"]
[NIC "KI.14"]
[Time "14:32:15"]
[PlyCount "97"]
[TimeControl "4500+10"]

1. c4 Nf6 2. Nc3 g6 3. e4 d6 4. d4 Bg7 5. Nf3 O-O 6. Be2 e5 7. O-O Nbd7 8.
Qc2 a5 9. Rd1 exd4 10. Nxd4 Nc5 11. f3 Bd7 12. Be3 c6 13. Qd2 Qc7 14. Nc2
Rfd8 15. Qxd6 Qxd6 16. Rxd6 Ne6 17. Rad1 Be8 18. Rxd8 Nxd8 19. c5 Ne6 20.
Na4 Nd7 21. Bc4 Bf8 22. Bxe6 fxe6 23. Na3 e5 24. Nc4 Be7 25. Rd3 Kf8 26. a3
h5 27. Nd6 Bxd6 28. Rxd6 Kf7 29. Rxd7+ Bxd7 30. Nb6 Re8 31. Nxd7 Ke6 32.
Nb6 Rd8 33. Nc4 Rd1+ 34. Kf2 Rb1 35. Bd2 a4 36. Bc3 Rc1 37. Nxe5 Rc2+ 38.
Kg3 g5 39. Nc4 Re2 40. Na5 g4 41. Nxb7 Kf7 42. Nd6+ Kg6 43. f4 h4+ 44. Kxh4
Rxg2 45. f5+ Kh7 46. e5 Kg8 47. e6 Rxh2+ 48. Kxg4 Re2 49. Kf3 { Black
resigns } 1-0

[Event "ICC tourney 2077 (75 10)"]
[Site "Internet Chess Club"]
[Date "2020.10.24"]
[Round "2"]
[White "TjkTiger"]
[Black "savchess06"]
[Result "1-0"]
[ICCResult "Black checkmated"]
[WhiteElo "2602"]
[BlackElo "2075"]
[Opening "English: Mikenas-Carls variation"]
[ECO "A18"]
[NIC "EO.57"]
[Time "14:33:10"]
[PlyCount "105"]
[TimeControl "4500+10"]

1. c4 Nf6 2. Nc3 e6 3. e4 d5 4. cxd5 exd5 5. e5 Ne4 6. Nf3 Nc6 7. Bb5 Bc5
8. d4 Bb4 9. Qb3 O-O 10. O-O Bxc3 11. bxc3 Na5 12. Qc2 Bf5 13. Bd3 c5 14.
dxc5 Bg6 15. Ba3 Re8 16. Rad1 Qc7 17. c4 Nxc4 18. Bxc4 dxc4 19. Qxc4 Rac8
20. Rd5 b6 21. Rc1 Nxc5 22. Bxc5 bxc5 23. Rxc5 Qxc5 24. Qxc5 Rxc5 25. Rxc5
Rb8 26. h4 h6 27. Ra5 Rb7 28. Kh2 Bd3 29. Kg3 a6 30. Ra3 Bf1 31. Nd2 Bb5
32. Ne4 Re7 33. Kf4 Bf1 34. g4 Rb7 35. Rb3 Rxb3 36. axb3 Kf8 37. Nd6 Ke7
38. Nf5+ Kf8 39. b4 Kg8 40. g5 hxg5+ 41. Kxg5 Kf8 42. f4 Bd3 43. h5 Kg8 44.
h6 Bxf5 45. Kxf5 gxh6 46. Kf6 Kf8 47. f5 Kg8 48. Ke7 h5 49. f6 h4 50. e6 h3
51. exf7+ Kh7 52. f8=Q h2 53. Qg7# { Black checkmated } 1-0

[Event "ICC tourney 2077 (75 10)"]
[Site "Internet Chess Club"]
[Date "2020.10.24"]
[Round "2"]
[White "dopolian"]
[Black "Gfprasanna"]
[Result "1-0"]
[ICCResult "Black resigns"]
[WhiteElo "2274"]
[BlackElo "2124"]
[Opening "Ruy Lopez: closed, Chigorin, 12...c5d4"]
[ECO "C96"]
[NIC "RL.23"]
[Time "14:32:18"]
[PlyCount "109"]
[TimeControl "4500+10"]

1. e4 e5 2. Nf3 Nc6 3. Bb5 a6 4. Ba4 Nf6 5. O-O Be7 6. Re1 b5 7. Bb3 d6 8.
c3 O-O 9. h3 Na5 10. Bc2 c5 11. d4 cxd4 12. cxd4 Qc7 13. Nbd2 Bb7 14. d5
Rac8 15. Bd3 Nc4 16. Nf1 Rfe8 17. b3 Nb6 18. Ng3 Nbd7 19. Bg5 h6 20. Bd2
Nf8 21. a4 bxa4 22. Rxa4 Ra8 23. Qe2 Reb8 24. b4 Ng6 25. Bxa6 Qc2 26. Raa1
Bxa6 27. Rxa6 Rxa6 28. Qxa6 Bf8 29. Rc1 Qb2 30. Qa1 Qxa1 31. Rxa1 h5 32. h4
Nf4 33. Rb1 g6 34. b5 Nd7 35. Bxf4 exf4 36. Ne2 Nc5 37. Nd2 Bh6 38. f3 Kf8
39. Nc4 Ke7 40. Nd4 Kd7 41. Nc6 Ra8 42. N4a5 Re8 43. b6 Na6 44. b7 Nb8 45.
Nxb8+ Rxb8 46. Nc6 Kc7 47. Nxb8 Kxb8 48. e5 dxe5 49. d6 Bf8 50. d7 Be7 51.
Rc1 Kxb7 52. Rc8 Bxh4 53. d8=Q Bxd8 54. Rxd8 Kc7 55. Rf8 { Black resigns }
1-0

[Event "ICC tourney 2077 (75 10)"]
[Site "Internet Chess Club"]
[Date "2020.10.24"]
[Round "2"]
[White "IndianTerritory"]
[Black "CoolBoy2020"]
[Result "1/2-1/2"]
[ICCResult "Game drawn because neither player has mating material"]
[WhiteElo "2078"]
[BlackElo "2181"]
[Opening "Sicilian: Kan, 5.Nc3"]
[ECO "B43"]
[NIC "SI.41"]
[Time "14:32:44"]
[PlyCount "147"]
[TimeControl "4500+10"]

1. e4 c5 2. Nf3 e6 3. d4 cxd4 4. Nxd4 a6 5. Nc3 Qc7 6. Be2 Nf6 7. O-O Be7
8. Qd3 d6 9. Qg3 g6 10. Be3 Nbd7 11. f4 e5 12. Nb3 b5 13. a3 Bb7 14. Qf3
Rc8 15. Nd2 Qb8 16. Rad1 Qa8 17. Bd3 Bf8 18. f5 Bg7 19. fxg6 hxg6 20. Nb3
O-O 21. Na5 Rxc3 22. bxc3 Bxe4 23. Bxe4 Nxe4 24. Nb3 f5 25. Rd3 Ndf6 26.
Nd2 d5 27. Nb3 Rc8 28. Bd2 a5 29. Re1 a4 30. Nc1 Qa7+ 31. Be3 Qe7 32. Kh1
Ng4 33. Bg1 Rd8 34. h3 Ngf6 35. Qe3 f4 36. Qb6 Ng3+ 37. Rxg3 fxg3 38. Nd3
Ne4 39. Qxb5 Nxc3 40. Qc6 e4 41. Qxg6 Qf6 42. Qxf6 Bxf6 43. Nc5 Be7 44. Re3
Bxc5 45. Rxg3+ Kf7 46. Rxc3 Bxg1 47. Kxg1 Ke6 48. Rc6+ Ke5 49. Kf2 Rb8 50.
h4 Rf8+ 51. Ke2 Rg8 52. Kf2 Kd4 53. h5 e3+ 54. Kf3 Rf8+ 55. Ke2 Rf2+ 56.
Ke1 Rxg2 57. h6 Rh2 58. Kd1 Ke5 59. Ra6 d4 60. Rxa4 Rxh6 61. Rc4 Rb6 62.
Ke2 Ke4 63. Rc8 Re6 64. a4 Kd5 65. a5 Rh6 66. Kd3 Re6 67. Ke2 Rc6 68. Rxc6
Kxc6 69. a6 Kb6 70. a7 Kxa7 71. c3 dxc3 72. Kxe3 Kb6 73. Kd3 Kc5 74. Kxc3 {
Game drawn because neither player has mating material } 1/2-1/2

[Event "ICC tourney 2077 (75 10)"]
[Site "Internet Chess Club"]
[Date "2020.10.24"]
[Round "2"]
[White "SkyAngel"]
[Black "tcao"]
[Result "1-0"]
[ICCResult "Black resigns"]
[WhiteElo "2181"]
[BlackElo "2049"]
[Opening "French: MacCutcheon, Lasker variation, 8...g6"]
[ECO "C12"]
[NIC "FR.05"]
[Time "14:32:25"]
[PlyCount "87"]
[TimeControl "4500+10"]

1. e4 e6 2. d4 d5 3. Nc3 Nf6 4. Bg5 Bb4 5. e5 h6 6. Bd2 Bxc3 7. bxc3 Ne4 8.
Qg4 g6 9. Bd3 Nxd2 10. Kxd2 c5 11. Nf3 c4 12. Be2 Nc6 13. h4 Bd7 14. Qf4
Qe7 15. Rhb1 O-O-O 16. a4 Na5 17. Qf6 Qxf6 18. exf6 Rdf8 19. Ne5 b6 20. Ke3
Kc7 21. g4 Be8 22. f4 h5 23. gxh5 gxh5 24. Rg1 Nc6 25. Rg5 Rh6 26. Bxh5
Nxe5 27. dxe5 Rfh8 28. Bf3 Rxh4 29. f5 exf5 30. Rxf5 Bd7 31. Rf4 Rxf4 32.
Kxf4 Be6 33. Rh1 Rxh1 34. Bxh1 b5 35. a5 Kb7 36. Ke3 Ka6 37. Kd4 Kxa5 38.
Bxd5 Kb6 39. Bxe6 a5 40. Bxf7 a4 41. Bxc4 bxc4 42. Kxc4 a3 43. Kb3 a2 44.
Kxa2 { Black resigns } 1-0

[Event "ICC tourney 2077 (75 10)"]
[Site "Internet Chess Club"]
[Date "2020.10.24"]
[Round "2"]
[White "PawnEatingZombi"]
[Black "helavir"]
[Result "0-1"]
[ICCResult "White resigns"]
[WhiteElo "2224"]
[BlackElo "2627"]
[Opening "QGD semi-Slav: accelerated Meran (Alekhine variation)"]
[ECO "D45"]
[NIC "SL.08"]
[Time "14:32:51"]
[PlyCount "70"]
[TimeControl "4500+10"]

1. d4 d5 2. c4 e6 3. Nc3 c6 4. e3 Nf6 5. Nf3 a6 6. b3 Bb4 7. Bd2 Nbd7 8.
Be2 O-O 9. O-O Qe7 10. Qc2 dxc4 11. bxc4 Bd6 12. c5 Bc7 13. Na4 e5 14. dxe5
Nxe5 15. Bc3 Nfg4 16. Nxe5 Nxe5 17. Nb6 Rb8 18. Nxc8 Qxc5 19. Qb2 Rfxc8 20.
Bd4 Qe7 21. f4 Ng6 22. Bxg7 Qxe3+ 23. Kh1 Bxf4 24. Rxf4 Qxf4 25. Rf1 Qg5
26. Bc4 Rc7 27. Bf6 Qg4 28. Qb3 b5 29. Bd3 Re8 30. Bb2 Nf4 31. Qc2 Re2 32.
Bxh7+ Kf8 33. Qc5+ Rce7 34. g3 Rxh2+ 35. Kxh2 Qh3+ { White resigns } 0-1